 Dungeon Crawl Stone Soup version 0.28.0-43-g3370ac3207 (webtiles) character file.

Game seed: 11889815324114521831

630 FrostSilk the Chopper (level 7, -10/61 HPs)
             Began as a Hill Orc Fighter on Mar 15, 2022.
             Mangled by Duvessa
             ... wielding a +0 short sword
              (14 damage)
             ... on level 4 of the Dungeon.
             The game lasted 00:15:24 (5359 turns).

FrostSilk the Chopper (Hill Orc Fighter)            Turns: 5359, Time: 00:15:24

Health: -10/61     AC:  8    Str: 21    XL:     7   Next: 48%
Magic:  7/7        EV:  9    Int:  8    God:
Gold:   136        SH:  5    Dex: 16    Spells: 6/6 levels left

rFire   . . .      SeeInvis .   a - +1 war axe
rCold   . . .      Faith    .   c - +0 buckler
rNeg    . . .      Spirit   .   b - +1 scale mail
rPois   .          Reflect  .   (no helmet)
rElec   .          Harm     .   (no cloak)
rCorr   .          Rampage  .   (no gloves)
Will    .....                   (no boots)
Stlth   ..........              (no amulet)
HPRegen 0.20/turn               g - +6 ring of dexterity
MPRegen 0.10/turn               (no ring)

@: no status effects
A: no striking features
a: no special abilities


You were on level 4 of the Dungeon.
You visited 1 branch of the dungeon, and saw 5 of its levels.

You collected 136 gold pieces.

Inventory:

Hand Weapons
 a - a +1 war axe (weapon)
 m - a +1 flail of protection
Missiles
 d - 3 poisoned darts (quivered)
Armour
 b - a +1 scale mail (worn)
 c - a +0 buckler (worn)
Jewellery
 g - a +6 ring of dexterity (left hand)
Scrolls
 i - a scroll of magic mapping
 j - 2 scrolls of teleportation
 k - 2 scrolls of identify
Potions
 e - 3 potions of brilliance {unknown}
 f - a potion of resistance {unknown}
 h - a potion of lignification
 l - a potion of haste {unknown}


   Skills:
 + Level 5.6 Fighting
 * Level 6.7 Axes
 + Level 5.1 Armour
 + Level 5.1 Shields


You had 6 spell levels left.
You didn't know any spells.
Your spell library contained the following spells:

 Spells                   Type           Power      Damage    Failure   Level
 Animate Skeleton         Necr           0%         N/A       82%         1
 Apportation              Tloc           0%         N/A       82%         1
 Shock                    Conj/Air       0%         1d3       82%         1
 Summon Small Mammal      Summ           0%         N/A       82%         1
 Swiftness                Air            0%         N/A       99%         3
 Airstrike                Air            0%         N/A       100%        4


Dungeon Overview and Level Annotations

Branches:
Dungeon (5/15)
 Temple: D:4-7

Altars:
Nemelex Xobeh

Annotations:
D:4 2 transporters, Duvessa; EnergyMaker's ghost, novice DrBe


Message History

Duvessa, Sister of Dowan comes into view.
She is wielding a +0 short sword.
Throw: 5 darts (poison)
Press: ? - help, Q - select action Shift-Dir - straight line, f - Duvessa
Aim: Duvessa, wielding a +0 short sword, wearing a +0 ring mail and quivering stones (wandering, hasn't noticed you, 69% to hit)
You throw a poisoned dart.
The poisoned dart closely misses Duvessa.
Duvessa shouts!
Duvessa goes berserk!
Throw: 4 darts (poison)
Press: ? - help, Q - select action Shift-Dir - straight line, f/p - Duvessa
Aim: Duvessa, wielding a +0 short sword, wearing a +0 ring mail and quivering stones (berserk, 69% to hit)
You throw a poisoned dart. The poisoned dart hits Duvessa.
Duvessa is poisoned.
You hit Duvessa.
Duvessa is lightly wounded.
Duvessa hits you with a +0 short sword! Duvessa hits you with a +0 short sword.
You slash Duvessa!
Duvessa is lightly wounded.
Duvessa looks more healthy.
Duvessa closely misses you.
You barely miss Duvessa.
Duvessa is lightly wounded.
Duvessa hits you with a +0 short sword! Duvessa closely misses you.
You slash Duvessa!
Duvessa is heavily wounded.
Duvessa hits you with a +0 short sword! Duvessa hits you with a +0 short sword.
You slash Duvessa!
Duvessa is severely wounded.
You block Duvessa's attack. Duvessa hits you with a +0 short sword.
* * * LOW HITPOINT WARNING * * *
You slash Duvessa!
Duvessa is almost dead.
Duvessa closely misses you. Duvessa hits you with a +0 short sword!
* * * LOW HITPOINT WARNING * * *
Okay, then.
You barely miss Duvessa.
Duvessa is almost dead.
Duvessa barely misses you. Duvessa hits you but does no damage.
You hit Duvessa.
Duvessa is almost dead.
You block Duvessa's attack. Duvessa hits you with a +0 short sword!
You die...

#.# # #.# # #.# # #.##.# #.##.###
#.##... #.##.###
################## #......#
#................. #..#.#.#
#@................
.....#.#########e.#############..
#........<........# ....W#..
##...†..#####.##..# ....z#..
###.##.# # #(.#. ###.Z#.. #.##.#
#..#.. #..#.[ #.##.# #.(# $.
Z....#.. #.##.# #.©# ... .....#©.
#.##.# ...?.#..


You could see Duvessa (berserk).

Vanquished Creatures
  Grinder (D:3)
  Blork the orc (D:4)
  Dowan (D:4)
  A centaur zombie (D:3)
  2 hounds
  A bullfrog skeleton (D:4)
  An iguana (D:5)
  A hound skeleton (D:4)
  6 adders
  An ufetubus (D:5)
  3 worms
  A dart slug (D:2)
  8 orcs
  5 ball pythons
  4 bats
  4 endoplasms
  2 giant cockroaches
  7 goblins
  9 hobgoblins
  3 jackals (D:1)
  5 quokkas
  4 frilled lizards
  9 kobolds
  8 rats
88 creatures vanquished.

Notes
Turn   | Place    | Note
-------+----------+-------------------------------------------
     0 | D:1      | FrostSilk the Hill Orc Fighter began the quest for the Orb.
     0 | D:1      | Reached XP level 1. HP: 19/19 MP: 1/1
   343 | D:1      | Reached skill level 3 in Axes
   343 | D:1      | Reached XP level 2. HP: 27/27 MP: 2/2
  1109 | D:2      | Reached XP level 3. HP: 27/33 MP: 3/3
  1572 | D:2      | Found a sparkling altar of Nemelex Xobeh.
  1803 | D:2      | Reached XP level 4. HP: 40/40 MP: 4/4
  2798 | D:3      | Reached skill level 4 in Axes
  2916 | D:3      | Found a faded altar of an unknown god.
  3017 | D:3      | Noticed Grinder
  3020 | D:3      | Paralysed by Grinder for 5 turns
  3055 | D:4      | Noticed Blork the orc
  3447 | D:3      | Reached XP level 5. HP: 46/47 MP: 5/5
  3597 | D:3      | Paralysed by Grinder for 5 turns
  3606 | D:3      | Paralysed by Grinder for 3 turns
  3610 | D:3      | Paralysed by Grinder for 5 turns
  3615 | D:3      | Killed Grinder
  3616 | D:3      | Reached skill level 5 in Fighting
  3616 | D:3      | Reached skill level 5 in Axes
  3616 | D:3      | Reached XP level 6. HP: 33/56 MP: 6/6
  4595 | D:5      | Entered Level 5 of the Dungeon
  4721 | D:4      | Killed Blork the orc
  4722 | D:4      | Reached skill level 6 in Axes
  4722 | D:4      | Reached XP level 7. HP: 51/61 MP: 7/7
  4886 | D:4      | Reached skill level 5 in Shields
  5064 | D:4      | Noticed Dowan
  5086 | D:4      | Killed Dowan
  5087 | D:4      | Reached skill level 5 in Armour
  5266 | D:4      | Found a transporter.
  5266 | D:4      | Noticed EnergyMaker's ghost (novice DrBe)
  5322 | D:4      | Found a transporter.
  5348 | D:4      | Noticed Duvessa
  5359 | D:4      | Mangled by Duvessa

Illustrated notes

Levels and vault maps discovered:
D:1:      matt_arrival_refuge, layout_basic, minivault_4
D:2:      layout_loops_corners, basic_altar
D:3:      layout_basic, hellmonk_ecumenical_altar_heavens_door, uniq_grinder
D:4:      layout_loops_ring, gammafunk_ghost_mausoleum, uniq_blork_the_orc,
          uniq_duvessa
D:5:      lemuel_castle_with_subvaults [lemuel_castle_interior_carwin_2],
          layout_loops_ring, uniq_menkaure

Skill      XL: |  1  2  3  4  5  6  7 |
---------------+----------------------+-----
Axes           | 3 4 5 6 |  6.7
Fighting       | 4 5 |  5.6
Armour         | 4 5 |  5.1
Shields        | 4 5 |  5.1

Action                   |  1- 3 |  4- 6 |  7- 9 || total
-------------------------+-------+-------+-------++-------
Melee: War axe           |    87 |   115 |    54 ||   256
Throw: Dart              |       |     1 |     8 ||     9
  Use: Scroll            |     2 |     7 |       ||     9
       Potion            |       |     1 |       ||     1
Armor: Scale mail        |    40 |    49 |    24 ||   113
Dodge: Dodged            |    40 |    44 |    24 ||   108
Block: Buckler           |    16 |    25 |    10 ||    51
